hilby, lawful female dwarven Valkyrie ------- ##......| # |.....| ######+.....| # |......# # |.(...|# # -------# ############################ # # # -.--|-.------ # ### |...........| ## # # |...........| --------.----- ### # ----------# ##............| |............| #`######.........-# |...........| |.............### # |........| ------------- ....@........|### ##..<......| |.............# ---------- -------------- hilby the Skirmisher Experience level: 5 Strength: 18/02 Dexterity: 13 Constitution: 18 Intelligence: 12 Wisdom: 9 Charisma: 7 Health: 55(57) Energy: 6(6) Def: 1 Gold: 534 Moves: 1987 Dungeon seed: n_DTAX8b2v6_0mZQ Game ID: hilby_1464804985 Your Inventory: Coins $ - 534 gold pieces Weapons a - a thoroughly rusty +1 long sword (weapon in hand) Armor n - an uncursed +0 orcish helm (being worn) Scrolls k - a blessed scroll of light Potions f - a potion of holy water Tools d - an uncursed oil lamp (0:1132) g - an uncursed blindfold h - a magic marker (0:43) Spells and supernatural/magical abilities: Name Level Category Fail Memory W - pray for help -- divine ? -- Your skills at the end: Fighting Skills Weapon Skills dagger [Basic] long sword [Basic] Spellcasting Skills Final Attributes: You were fervently aligned. You were cold resistant. You had infravision. You were stealthy. You survived. Vanquished creatures: a large mimic a small mimic an imp a shrieker a kitten a kobold lord an orc zombie a gas spore a hobgoblin a red mold a gnome zombie 3 jackals 2 goblins 4 grid bugs 2 bats a lichen 4 newts 27 creatures vanquished. Voluntary challenges: You were an atheist. You used a wielded weapon 31 times, starting on turn 83. You were illiterate. You never genocided any monsters. You never polymorphed an object. You never changed form. You used no wishes. You never split a pudding. You never wrote Elbereth's name. You violated your moral code, losing 15 points of alignment, starting on turn 1591. Dungeon overview: The Dungeons of Doom: levels 1 to 6 Level 1 a long staircase Level 2 an altar to Odin Level 3 a general store Level 4 a potion shop stairs to The Gnomish Mines Level 5 Level 6 <- You were here The Gnomish Mines: Level 5 stairs to The Dungeons of Doom History has recorded: On T:1 you entered the Dungeons of Doom to retrieve the Amulet of Yendor! On T:230 you reached level 2 of The Dungeons of Doom. On T:421 you reached level 3 of The Dungeons of Doom. On T:757 you advanced to experience level 2. On T:799 you reached level 4 of The Dungeons of Doom. On T:913 you advanced to experience level 3. On T:990 you advanced to experience level 4. On T:1303 you reached level 1 of The Gnomish Mines. On T:1440 you reached level 5 of The Dungeons of Doom. On T:1591 you advanced to experience level 5. On T:1634 you reached level 6 of The Dungeons of Doom. Score breakdown: Gold: 534 ( 9280 points) Experience: 5 levels (11141 points) Exploration: 6 levels ( 11.76%) ( 9486 points) Discoveries: 4 items ( 1.63%) ( 3833 points) Valuables value: (no points given unless you survive) Artifact value: 0 ( 0 points) Variety of kills: 17 monsters ( 4.46%) ( 6336 points) Turncount: 1987 turns ( 0 points) Survival: quit (score multiplied by 90%) Total score: 36068 Latest messages: The smoky potion evaporates. (You can name a smoky potion from the item naming menu.) The white potion misses the wood nymph. A white potion shatters! You hit the wood nymph! The wood nymph hurls a sky blue potion! The vial crashes on your head and breaks into shards. You feel rather tired. She tries to charm you, but is dismayed by your lack of response. (2x) It stole a +0 dagger. She tries to charm you, but is dismayed by your lack of response. (5x) You wake up. You miss the wood nymph. The wood nymph pretends to be friendly. The wood nymph charms you. You gladly hand over your shield. She stole an uncursed +3 small shield. Never mind. Never mind. Final status: Farvel hilby the Valkyrie, quit... You quit in The Dungeons of Doom on dungeon level 6 with 36068 points, and 534 pieces of gold, after 1987 moves. You were level 5 with a maximum of 57 hit points when you quit.